 Dungeon Crawl Stone Soup version 0.18-a0-1788-g92de1ac (webtiles) character file.

339 macross the Skirmisher (level 6, -4/35 (51) HPs)
             Began as a Ghoul Warper on Apr 20, 2016.
             Slain by Natasha (8 damage)
             ... on level 3 of the Dungeon on Apr 21, 2016.
             The game lasted 01:01:48 (4443 turns).

macross the Skirmisher (Ghoul Warper)               Turns: 4443, Time: 01:01:48

HP:   -4/35 (51)    AC:  2    Str: 14 (16) XL:     6   Next: 55%
MP:   7/7           EV: 12    Int:  9      God:
Gold: 131           SH:  0    Dex:  7 (8)  Spells: 1 memorised, 6 levels left

rFire  . . .     SeeInvis .     a - +1 falchion
rCold  + . .     Gourm    .     (no armour)
rNeg   + + +     Faith    .     (no shield)
rPois  ∞         Spirit   .     (no helmet)
rElec  .         Dismiss  .     f - +0 cloak
rCorr  .         Reflect  .     h - +0 pair of gloves
SustAt .         Harm     .     (no boots)
MR     .....                    (no amulet)
Stlth  +.........               (no ring)
                                (no ring)

@: rotting, slowed, very slow, not resistant to hostile enchantments, very
unstealthy
A: rotting body, claws 1, carnivore 3, cold resistance 1, negative energy
resistance 3, slow regeneration 1, torment resistance, unbreathing
a: no special abilities


You were on level 3 of the Dungeon.
You were not hungry.

You visited 1 branch of the dungeon, and saw 3 of its levels.

You collected 131 gold pieces.

Inventory:

Hand Weapons
 a - a +1 falchion (weapon)
 g - a +0 whip
 j - a cursed -1 dagger
 n - a -1 blowgun
Missiles
 e - 5 tomahawks of dispersal (quivered)
 i - 23 bolts
 r - 5 poisoned needles
Armour
 d - a cursed +0 leather armour
 f - a +0 cloak (worn)
 h - a +0 pair of gloves (worn)
 t - a +0 scale mail
Scrolls
 b - a scroll of remove curse
Potions
 s - a potion of flight
Books
 c - a book of Spatial Translocations

   Spells                             Type                      Level
   a - Apportation                    Translocation                1
   b - Blink                          Translocation                2
   c - Shroud of Golubria             Charms/Translocation         2
   d - Portal Projectile              Translocation                3
   e - Teleport Other                 Translocation                3
   f - Passage of Golubria            Translocation                4


   Skills:
 + Level 3.6 Fighting
 + Level 2.8 Long Blades
 + Level 1.0 Throwing
 + Level 3.1 Armour
 + Level 3.1 Dodging
 + Level 0.8 Stealth
 + Level 1.9 Spellcasting
 + Level 3.3 Translocations


You had 6 spell levels left.
You knew the following spells:

 Your Spells              Type           Power        Failure   Level  Hunger
a - Blink                 Tloc           N/A          14%         2    ###....


Dungeon Overview and Level Annotations

Branches:
Dungeon (3/15)

Altars:
Qazlal

Annotations:
D:3 Natasha


Innate Abilities, Weirdness & Mutations

Your body is rotting away.
You thrive on raw meat.
You are immune to poison.
You have sharp fingernails.
You are carnivorous and can eat meat at any time.
Your flesh is cold resistant.
You are immune to negative energy.
You regenerate slowly when monsters are visible.
You are immune to unholy pain and torment.
You can survive without breathing.


Message History

Natasha barely misses you. Natasha claws you but does no damage.
You hit Natasha.
Natasha is heavily wounded.
Natasha claws you but does no damage. Natasha barely misses you.
You barely miss Natasha.
Natasha is heavily wounded.
Natasha stares at you and mumbles some strange words.
The magic dart hits you!
Natasha mumbles some strange words.
You hit Natasha.
Natasha is heavily wounded.
Natasha claws you.
You barely miss Natasha.
Natasha is heavily wounded.
Natasha claws you. Natasha claws you!
* * * LOW HITPOINT WARNING * * *
You hit Natasha.
Natasha is almost dead.
Natasha claws you!
You die...

###+## #....# ...
#....# #.# #....#
.(.
#....#######.#
#####.......##.#
#........###.##5#
#.######.# #.##h#
#.# #...@# ..#
#.# ###### #.#
#.# #.# . #.# #.#
.. #.#
####.######.. #.#
#............ #.#
#.##.#....#
###'########
#.#.......+
#..........#
#..<......#..


You could see Natasha and a white imp.

Vanquished Creatures
  Grinder (D:3)
  An orc wizard (D:2)
  4 gnolls (D:2)
  2 adders (D:2)
  5 dart slugs
  4 giant geckos
  3 orcs (D:2)
  4 giant cockroaches (D:1)
  9 goblins
  3 hobgoblins (D:1)
  3 jackals (D:2)
  8 kobolds
  2 quokkas (D:2)
  A ball python (D:2)
  5 bats
  2 giant newts
  7 rats
64 creatures vanquished.

Notes
Turn   | Place    | Note
--------------------------------------------------------------
     0 | D:1      | macross the Ghoul Warper began the quest for the Orb.
     0 | D:1      | Reached XP level 1. HP: 17/17 MP: 2/2
    10 | D:1      | Reached skill level 1 in Throwing
    19 | D:1      | Reached XP level 2. HP: 14/24 MP: 3/3
   613 | D:1      | Reached skill level 1 in Armour
   625 | D:1      | Reached XP level 3. HP: 20/30 MP: 4/4
  1886 | D:2      | Reached XP level 4. HP: 29/30 MP: 5/5
  2320 | D:2      | HP: 1/30 [bat (1)]
  3679 | D:2      | Reached XP level 5. HP: 30/30 MP: 6/6
  3824 | D:2      | Found a stormy altar of Qazlal.
  4028 | D:3      | Noticed Grinder
  4030 | D:3      | Paralysed by Grinder for 6 turns
  4059 | D:3      | Paralysed by Grinder for 6 turns
  4068 | D:3      | Killed Grinder
  4068 | D:3      | Reached XP level 6. HP: 3/36 MP: 7/7
  4074 | D:3      | Learned a level 2 spell: Blink
  4433 | D:3      | Noticed Natasha
  4443 | D:3      | Slain by Natasha

Vault maps used:
D:1:      scummos_arrival_forest
D:2:      lemuel_coloured_pillars_altar
D:3:      kennysheep_goblin_castle, ecumenical_altar_1, first_bread,
          uniq_natasha, uniq_grinder

Skill      XL: |  1  2  3  4  5 |
---------------+----------------+-----
Throwing       | 1 |  1.0
Translocations | 3 |  3.3
Armour         | 1 2 3 |  3.1
Long Blades    | 2 |  2.8
Dodging        | 2 3 |  3.1
Fighting       | 3 |  3.6
Stealth        | |  0.8
Spellcasting   | |  1.9

Action                   |  1- 3 |  4- 6 || total
-------------------------+-------+-------++-------
Melee: Falchion          |    99 |   179 ||   278
  Use: Scroll            |    11 |     4 ||    15
       Potion            |       |     2 ||     2
  Eat: Beef jerky        |     1 |     2 ||     3
       Meat ration       |     1 |       ||     1
       Pizza             |       |     1 ||     1
Armor: Leather armour    |    38 |       ||    38
       Scale mail        |    13 |    94 ||   107
       Skin              |       |     2 ||     2
Dodge: Dodged            |    80 |   101 ||   181
